Workbook

Sheet Ambulância_Neonatal
A1: Secretaria Municipal de Saúde de Nova Serrana
A2: Estado de Minas Gerais
A4: ITEM 1 – PLANILHA DE COMPOSIÇÃO DE CUSTOS AMBULÂNCIA NEONATAL
A5: O uso da planilha de composição de custos está previsto no art 23º da Lei nº 14.133/2021
A6: 1. Mão de obra e custos incidentes sobre a folha
A7: Profissional | C7: Quantidade | D7: Observações | J7: Total
A8: Motorista | C8: 1 | D8: Salário e Encargos conforme planilha anexa | J8: =Motorista!K39 -> 6939.9696
A9: Enfermeiro | C9: =1 -> 1 | D9: Salário e Encargos conforme planilha anexa | J9: =Enfermeiro!K39 -> 9324.4915
A10: Médico Especializado | C10: =1 -> 1 | D10: Salário e Encargos conforme planilha anexa | J10: =Médico!K39 -> 15233.692
A12: Total da mão de obra do item | J12: =J8+J9+J10 -> 31498.153
A14: 2. Veículo
A15: 2.1. Valor de referência de 1 Ambulância | J15: =Manutenções_e_Veículos!B27 -> 312899.45
A16: Depreciação mensal do veículos (10% ao ano /12) | J16: =Manutenções_e_Veículos!F27 -> 23467.459
A17: Troca de pneus (1x ao ano) (1/12) | J17: =Manutenções_e_Veículos!F17 -> 121
A18: Manutenção ( lavagem, Limpeza dos bicos injetores, óleo, velas, filtro de combustível,alinhamento e balanceamento e filtro de ar) 1/12 | J18: =Manutenções_e_Veículos!F12 -> 387.2075
A19: Tributos (IPVA+ Taxa de licenciamento)1/12 | J19: =Manutenções_e_Veículos!F32+Manutenções_e_Veículos!D37 -> 263.71787
A20: 2.2. Previsão do gasto mensal de insumo
A21: Valor atual do diesel (R$/l) | F21: =5.95 -> 5.95 | G21: De acordo com ANP (Janeiro 2026)
A22: Dias de trabalho por mês | F22: 30
A23: Quilômetros percorridos por mês | F23: =1000 -> 1000
A24: Consumo por quilômetro | F24: =9.002 -> 9.002
A25: Gasto com combustível por mês (R$) | F25: =(F23/F24)*F21 -> 660.96423
A26: Uniformes (07 conjuntos por profissional - 2 por ano) (4 conjuntos por motorista) 1/12 | F26: =Uniformes!F5+Uniformes!F10 -> 197.14333
J27: =SUM(F25:F26) -> 858.10756
A28: Total do custo mensal do veículo | J28: =SUM(J16:J27) -> 25097.492
A29: 3. Subtotal (custos da execução = pessoal + veículos) | J29: =J12+J28 -> 56595.645
A30: 4. Margem, escritório central e tributos incidentes sobre o valor faturado (BDI) | J30: %
A31: Custo do escritório central | I31: AC | J31: 0.0199
A32: Seguro e Garantia | I32: SG | J32: =0.3/100 -> 0.003
A33: Risco | I33: R | J33: =0.56/100 -> 0.0056
A34: Despesas Financeiras | I34: DF | J34: =0.85/100 -> 0.0085
A35: Margem de lucro | I35: L | J35: =2/100 -> 0.02
A36: Tributos (impostos COFINS 3%, e PIS 0,65%) | I36: CP | J36: =3.65/100 -> 0.0365
A37: ISSQN | I37: ISS | J37: =5/100 -> 0.05
A38: Tributos (Contribuição Previdenciaária sobre Receita Bruta- Lei 12.546 de 14/12/2011- Desoneração) | I38: CPRB | J38: =3.6/100 -> 0.036
A40: 5. Total Mensal Despesa Administrativa + Impostos + Lucro (BDI) | I40: =(((1+J31+J32+J33)*(1+J34)*(1+J35))/(1-J36-J37-J38))-1 -> 0.2056833 | J40: =J41*I40 -> 14655.085
A41: Custo deste item da licitação | J41: =J29/(1-I40) -> 71250.73
A42: Custo por quilômetro | J42: =J41/F23 -> 71.25073

Sheet Ambulância_Adulto_
A1: Secretaria Municipal de Saúde de Nova Serrana
A2: Estado de Minas Gerais
A4: ITEM 1 – PLANILHA DE COMPOSIÇÃO DE CUSTOS AMBULÂNCIA ADULTO AVANÇADO
A5: O uso da planilha de composição de custos está previsto no art 23º da Lei nº 14.133/2021
A6: 1. Mão de obra e custos incidentes sobre a folha
A7: Profissional | C7: Quantidade | D7: Observações | J7: Total
A8: Motorista | C8: 1 | D8: Salário e Encargos conforme planilha anexa | J8: =Motorista!K39 -> 6939.9696
A9: Enfermeiro | C9: =1 -> 1 | D9: Salário e Encargos conforme planilha anexa | J9: =Enfermeiro!K39 -> 9324.4915
A10: Médico | C10: =1 -> 1 | D10: Salário e Encargos conforme planilha anexa | J10: =Médico!K39 -> 15233.692
A12: Total da mão de obra do item | J12: =J8+J9+J10 -> 31498.153
A14: 2. Veículo
A15: 2.1. Valor de referência de 1 Ambulância | J15: =Manutenções_e_Veículos!D22 -> 312899.45
A16: Depreciação mensal do veículos (10% ao ano /12) | J16: =Manutenções_e_Veículos!F27 -> 23467.459
A17: Troca de pneus (1x ao ano) (1/12) | J17: =Manutenções_e_Veículos!F17 -> 121
A18: Manutenção ( lavagem, Limpeza dos bicos injetores, óleo, velas, filtro de combustível,alinhamento e balanceamento e filtro de ar) 1/12 | J18: =Manutenções_e_Veículos!F12 -> 387.2075
A19: Tributos (IPVA+ Taxa de licenciamento)1/12 | J19: =Manutenções_e_Veículos!F32+Manutenções_e_Veículos!D37 -> 263.71787
A20: 2.2. Previsão do gasto mensal de insumo
A21: Valor atual do diesel (R$/l) | F21: 5.95 | G21: De acordo com ANP (Janeiro 2026)
A22: Dias de trabalho por mês | F22: 30
A23: Quilômetros percorridos por mês | F23: =2500 -> 2500
A24: Consumo por quilômetro | F24: =9 -> 9
A25: Gasto com combustível por mês (R$) | F25: =(F23/F24)*F21 -> 1652.7778
A26: Uniformes (07 conjuntos por profissional - 2 por ano) (4 conjuntos por motorista) 1/12 | F26: =Uniformes!F5+Uniformes!F10 -> 197.14333
J27: =SUM(F25:F26) -> 1849.9211
A28: Total do custo mensal do veículo | J28: =SUM(J16:J27) -> 26089.305
A29: 3. Subtotal (custos da execução = pessoal + veículos) | J29: =J12+J28 -> 57587.458
A30: 4. Margem, escritório central e tributos incidentes sobre o valor faturado (BDI) | J30: %
A31: Custo do escritório central | I31: AC | J31: 0.0199
A32: Seguro e Garantia | I32: SG | J32: =0.3/100 -> 0.003
A33: Risco | I33: R | J33: =0.56/100 -> 0.0056
A34: Despesas Financeiras | I34: DF | J34: =0.85/100 -> 0.0085
A35: Margem de lucro | I35: L | J35: =2/100 -> 0.02
A36: Tributos (impostos COFINS 3%, e PIS 0,65%) | I36: CP | J36: =3.65/100 -> 0.0365
A37: ISSQN | I37: ISS | J37: =5/100 -> 0.05
A38: Tributos (Contribuição Previdenciaária sobre Receita Bruta- Lei 12.546 de 14/12/2011- Desoneração) | I38: CPRB | J38: =3.6/100 -> 0.036
A40: 5. Total Mensal Despesa Administrativa + Impostos + Lucro (BDI) | I40: =(((1+J31+J32+J33)*(1+J34)*(1+J35))/(1-J36-J37-J38))-1 -> 0.2056833 | J40: =J41*I40 -> 14911.909
A41: Custo deste item da licitação | J41: =J29/(1-I40) -> 72499.367
A42: Custo por quilômetro | J42: =J41/F23 -> 28.999747

Sheet Ambulância_Suporte_Básico- Tipo
A1: Secretaria Municipal de Saúde de Nova Serrana
A2: Estado de Minas Gerais
A4: ITEM 1 – PLANILHA DE COMPOSIÇÃO DE CUSTOS AMBULÂNCIA SUPORTE BÁSICO
A5: O uso da planilha de composição de custos está previsto no art 23º da Lei nº 14.133/2021
A6: 1. Mão de obra e custos incidentes sobre a folha
A7: Profissional | C7: Quantidade | D7: Observações | J7: Total
A8: Motorista | C8: 1 | D8: Salário e Encargos conforme planilha anexa | J8: =Motorista!K39 -> 6939.9696
A9: Enfermeiro | C9: =1 -> 1 | D9: Salário e Encargos conforme planilha anexa | J9: =Enfermeiro!K39 -> 9324.4915
A11: Total da mão de obra do item | J11: =J8+J9 -> 16264.461
A13: 2. Veículo
A14: 2.1. Valor de referência de 1 Ambulância | J14: =Manutenções_e_Veículos!D22 -> 312899.45
A15: Depreciação mensal do veículos (10% ao ano /12) | J15: =Manutenções_e_Veículos!F27 -> 23467.459
A16: Troca de pneus (1x ao ano) (1/12) | J16: =Manutenções_e_Veículos!F17 -> 121
A17: Manutenção ( lavagem, Limpeza dos bicos injetores, óleo, velas, filtro de combustível,alinhamento e balanceamento e filtro de ar) 1/12 | J17: =Manutenções_e_Veículos!F12 -> 387.2075
A18: Tributos (IPVA+ Taxa de licenciamento)1/12 | J18: =Manutenções_e_Veículos!F32+Manutenções_e_Veículos!D37 -> 263.71787
A19: 2.2. Previsão do gasto mensal de insumo
A20: Valor atual do diesel (R$/l) | F20: 5.95 | G20: De acordo com ANP (Janeiro 2026)
A21: Dias de trabalho por mês | F21: 30
A22: Quilômetros percorridos por mês | F22: =8000 -> 8000
A23: Consumo por quilômetro | F23: =9 -> 9
A24: Gasto com combustível por mês (R$) | F24: =(F22/F23)*F20 -> 5288.8889
A25: Uniformes (07 conjuntos por profissional - 2 por ano) (4 conjuntos por motorista) 1/12 | F25: =Uniformes!F5+Uniformes!F10 -> 197.14333
J26: =SUM(F24:F25) -> 5486.0322
A27: Total do custo mensal do veículo | J27: =SUM(J15:J26) -> 29725.416
A28: 3. Subtotal (custos da execução = pessoal + veículos) | J28: =J11+J27 -> 45989.877
A29: 4. Margem, escritório central e tributos incidentes sobre o valor faturado (BDI) | J29: %
A30: Custo do escritório central | I30: AC | J30: 0.0199
A31: Seguro e Garantia | I31: SG | J31: =0.3/100 -> 0.003
A32: Risco | I32: R | J32: =0.56/100 -> 0.0056
A33: Despesas Financeiras | I33: DF | J33: =0.85/100 -> 0.0085
A34: Margem de lucro | I34: L | J34: =2/100 -> 0.02
A35: Tributos (impostos COFINS 3%, e PIS 0,65%) | I35: CP | J35: =3.65/100 -> 0.0365
A36: ISSQN | I36: ISS | J36: =5/100 -> 0.05
A37: Tributos (Contribuição Previdenciaária sobre Receita Bruta- Lei 12.546 de 14/12/2011- Desoneração) | I37: CPRB | J37: =3.6/100 -> 0.036
A39: 5. Total Mensal Despesa Administrativa + Impostos + Lucro (BDI) | I39: =(((1+J30+J31+J32)*(1+J33)*(1+J34))/(1-J35-J36-J37))-1 -> 0.2056833 | J39: =J40*I39 -> 11908.789
A40: Custo deste item da licitação | J40: =J28/(1-I39) -> 57898.666
A41: Custo por quilômetro | J41: =J40/F22 -> 7.2373333

Sheet Motorista
B2: MOTORISTA DE AMBULÂNCIA
B3: Custo Mensal de Mão de obra
B4: Profissional | D4: Quantidade
B5: MOTORISTA DE AMBULÂNCIA | C5: 3707.27 | D5: =1 -> 1 | I5: Composição Salarial
I6: Salário Mínimo | J6: Insalubridade - 0% | K6: Salário Bruto
I7: 1621 | J7: =0 -> 0 | K7: =C5+J7 -> 3707.27
B8: Salário Bruto | K8: =(K7*D5) -> 3707.27
B9: CONVEÇÃO COLETIVA MG003075/2025 | F9: Programa de Assitencia Familiar - PAF | G9: Auxilio Transporte | H9: Seguro de Vida | I9: Auxilio Alimentação | J9: Desconto Auxilio Alimentação | K9: Total
F10: 0 | G10: =(4.5*2)*22-78.55 -> 119.45 | H10: =C5*0.003 -> 11.12181 | I10: 28.97 | J10: 0.2 | K10: -
F11: =F10*D5 -> 0 | G11: =((2*4.5*(22))-(C5*0.06))*D5 -> -24.4362 | H11: =H10*(D5+D7) -> 11.12181 | I11: =(D5+D7)*(I10*22) -> 637.34 | J11: =I11*J10*-1 -> -127.468 | K11: =SUM(F11:J11) -> 496.55761
B12: Total de Benefícios | K12: =K11 -> 496.55761
B13: Encargos Trabalhistas | F13: INSS | G13: Sistema S | H13: Salário Educação | I13: FGTS | J13: Seguro Acidente de Trabalho (RAT X FAT) | K13: Total
F14: 0.2 | G14: 0.035 | H14: 0.025 | I14: 0.08 | J14: 0.03 | K14: =SUM(F14:J14) -> 0.37
F15: =K8*F14 -> 741.454 | G15: =K8*G14 -> 129.75445 | H15: =K8*H14 -> 92.68175 | I15: =K8*I14 -> 296.5816 | J15: =J14*K8 -> 111.2181 | K15: =SUM(F15:J15) -> 1371.6899
B16: Total de Encargos Trabalhistas | K16: =K15 -> 1371.6899
B17: 13º Salário | I17: 13º Salário | J17: Incidência de Encargos Sobre o 13º Salário | K17: Total
I18: 0.083333333 | J18: =K14 -> 0.37
I19: =I18*($K$8) -> 308.93917 | J19: =I19*J18 -> 114.30749 | K19: =SUM(I19:J19) -> 423.24666
B20: Total de 13º | K20: =K19 -> 423.24666
B21: Provisão de Rescisão | E21: Aviso Prévio Indenizado | F21: Incidência de FGTS sem aviso prévio indenizado | G21: Multa do FGTS e Contribuições sociais s/aviso prévio indenizado | H21: Aviso Prévio Trabalhado | I21: Incidência de FGTS sem aviso prévio trabalhado | J21: Multa de FGTS e contribuições do aviso prévio trabalhado | K21: Total
E22: 0.0042 | F22: 0.0003 | G22: 0.0215 | H22: 0.0194 | I22: 0.0071 | J22: 0.0215 | K22: =SUM(E22:J22) -> 0.074
E23: =E22*($K$8) -> 15.570534 | F23: =F22*($K$8) -> 1.112181 | G23: =G22*($K$8) -> 79.706305 | H23: =H22*($K$8) -> 71.921038 | I23: =I22*($K$8) -> 26.321617 | J23: =J22*($K$8) -> 79.706305 | K23: =SUM(E23:J23) -> 274.33798
B24: Total de Provisão de Rescisão de Contrato | K24: =K23 -> 274.33798
B25: Custo com funcionário Ausente | D25: Férias e Terço Constitucional de férias | E25: Ausência por Doença | F25: Licença Paternidade | G25: Ausências Legais | H25: Ausência por Acidente de Trabalho | I25: Sub Total | J25: Incidência de encargos sociais e trabalhistas sobre custo de reposição | K25: Total
D26: 0.1111 | E26: 0.0139 | F26: 0.0002 | G26: 0.0028 | H26: 0.0033 | I26: =SUM(C26:H26) -> 0.1313 | J26: =K14 -> 0.37 | K26: =I26+J26 -> 0.5013
D27: =D26*($K$8) -> 411.8777 | E27: =E26*($K$8) -> 51.531053 | F27: =F26*($K$8) -> 0.741454 | G27: =G26*($K$8) -> 10.380356 | H27: =H26*K8 -> 12.233991 | I27: =SUM(C27:H27) -> 486.76455 | J27: =I27*J26 -> 180.10288 | K27: =I27+J27 -> 666.86743
B28: Total de gastos com funcionário ausente | K28: =K27 -> 666.86743
B30: Resumo de Custo com empregado
B31: Salário Bruto | K31: =K8 -> 3707.27
B32: Benefícios | K32: =K12 -> 496.55761
B33: Encargos Previdenciários, FGTS e outras contribuições | K33: =K16 -> 1371.6899
B34: 13º Salário | K34: =K20 -> 423.24666
B35: Custo Com Rescisão | K35: =K24 -> 274.33798
B36: Custo Com Reposição de funcionário Ausente | K36: =K28 -> 666.86743
B37: Custo Total de Empregados | K37: =SUM(K31:K36) -> 6939.9696
B39: Custo Mensal do serviço | K39: =K8+K11+K15+K19+K23+K27 -> 6939.9696

Sheet Enfermeiro
B2: ENFERMEIRO
B3: Custo Mensal de Mão de obra
B4: Profissional | D4: Quantidade
B5: ENFERMEIRO | C5: 4750 | D5: =1 -> 1 | I5: Composição Salarial
I6: Salário Mínimo | J6: Insalubridade - 20% | K6: Salário Bruto
I7: 1621 | J7: =324.2 -> 324.2 | K7: =C5+J7 -> 5074.2
B8: Salário Bruto | K8: =(K7*D5) -> 5074.2
B9: CONVENÇÃO COLETIVA MG000174/2026 | F9: Programa de Assitencia Familiar - PAF | G9: Auxilio Transporte | H9: Seguro de Vida | I9: Auxilio Alimentação | J9: Desconto Auxilio Alimentação | K9: Total
F10: 65 | G10: =(4.5*2)*22-78.55 -> 119.45 | H10: =C5*0.003 -> 14.25 | I10: 29.15 | J10: 0.2 | K10: -
F11: =F10*D5 -> 65 | G11: =((2*4.5*(22))-(C5*0.06))*D5 -> -87 | H11: =H10*(D5+D7) -> 14.25 | I11: =(D5+D7)*(I10*22) -> 641.3 | J11: =I11*J10*-1 -> -128.26 | K11: =SUM(F11:J11) -> 505.29
B12: Total de Benefícios | K12: =K11 -> 505.29
B13: Encargos Trabalhistas | F13: INSS | G13: Sistema S | H13: Salário | I13: FGTS | J13: Seguro Acidente de Trabalho (RAT X FAT) | K13: Total
F14: 0.2 | G14: 0.035 | H14: 0.025 | I14: 0.08 | J14: 0.03 | K14: =SUM(F14:J14) -> 0.37
F15: =K8*F14 -> 1014.84 | G15: =K8*G14 -> 177.597 | H15: =K8*H14 -> 126.855 | I15: =K8*I14 -> 405.936 | J15: =J14*$K$8 -> 152.226 | K15: =SUM(F15:J15) -> 1877.454
B16: Total de Encargos Trabalhistas | K16: =K15 -> 1877.454
B17: 13º Salário | I17: 13º Salário | J17: Incidência de Encargos Sobre o 13º Salário | K17: Total
I18: 0.083333333 | J18: =K14 -> 0.37
I19: =I18*($K$8) -> 422.85 | J19: =I19*J18 -> 156.4545 | K19: =SUM(I19:J19) -> 579.3045
B20: Total de 13º | K20: =K19 -> 579.3045
B21: Provisão de Rescisão | E21: Aviso Prévio Indenizado | F21: Incidência de FGTS sem aviso prévio indenizado | G21: Multa do FGTS e Contribuições sociais s/aviso prévio indenizado | H21: Aviso Prévio Trabalhado | I21: Incidência de FGTS sem aviso prévio trabalhado | J21: Multa de FGTS e contribuições do aviso prévio trabalhado | K21: Total
E22: 0.0042 | F22: 0.0003 | G22: 0.0215 | H22: 0.0194 | I22: 0.0071 | J22: 0.0215 | K22: =SUM(E22:J22) -> 0.074
E23: =E22*($K$8) -> 21.31164 | F23: =F22*($K$8) -> 1.52226 | G23: =G22*($K$8) -> 109.0953 | H23: =H22*($K$8) -> 98.43948 | I23: =I22*($K$8) -> 36.02682 | J23: =J22*($K$8) -> 109.0953 | K23: =SUM(E23:J23) -> 375.4908
B24: Total de Provisão de Rescisão de Contrato | K24: =K23 -> 375.4908
B25: Custo com funcionário Ausente | D25: Férias e Terço Constitucional de férias | E25: Ausência por Doença | F25: Licença Paternidade | G25: Ausências Legais | H25: Ausência por Acidente de Trabalho | I25: Sub Total | J25: Incidência de encargos sociais e trabalhistas sobre custo de reposição | K25: Total
D26: 0.1111 | E26: 0.0139 | F26: 0.0002 | G26: 0.0028 | H26: 0.0033 | I26: =SUM(C26:H26) -> 0.1313 | J26: =K14 -> 0.37 | K26: =I26+J26 -> 0.5013
D27: =D26*($K$8) -> 563.74362 | E27: =E26*($K$8) -> 70.53138 | F27: =F26*($K$8) -> 1.01484 | G27: =G26*($K$8) -> 14.20776 | H27: =H26*K8 -> 16.74486 | I27: =SUM(C27:H27) -> 666.24246 | J27: =I27*J26 -> 246.50971 | K27: =I27+J27 -> 912.75217
B28: Total de gastos com funcionário ausente | K28: =K27 -> 912.75217
B30: Resumo de Custo com empregado
B31: Salário Bruto | K31: =K8 -> 5074.2
B32: Benefícios | K32: =K12 -> 505.29
B33: Encargos Previdenciários, FGTS e outras contribuições | K33: =K16 -> 1877.454
B34: 13º Salário | K34: =K20 -> 579.3045
B35: Custo Com Rescisão | K35: =K24 -> 375.4908
B36: Custo Com Reposição de funcionário Ausente | K36: =K28 -> 912.75217
B37: Custo Total de Empregados | K37: =SUM(K31:K36) -> 9324.4915
B39: Custo Mensal do serviço | K39: =K8+K11+K15+K19+K23+K27 -> 9324.4915

Sheet Médico
B2: MÉDICO
B3: Custo Mensal de Mão de obra
B4: Profissional | D4: Quantidade
B5: MÉDICO | C5: 8305.74 | D5: =1 -> 1 | I5: Composição Salarial
I6: Salário Mínimo | J6: Insalubridade - 20% | K6: Salário Bruto
I7: 1621 | J7: =I7*0.2 -> 324.2 | K7: =C5+J7 -> 8629.94
B8: Salário Bruto | K8: =(K7*D5) -> 8629.94
B9: Valores de remuneração baseados no salário-base do cargo de Clínico Geral do Município de Nova Serrana – MG | F9: Programa de Assitencia Familiar - PAF | G9: Auxilio Transporte | H9: Seguro de Vida | I9: Auxilio Alimentação | J9: Desconto Auxilio Alimentação | K9: Total
F10: 0 | G10: =(4.5*2)*22-78.55 -> 119.45 | H10: =C5*0.003 -> 24.91722 | I10: 28.97 | J10: 0.2 | K10: -
F11: =F10*D5 -> 0 | G11: =((2*4.5*(22))-(C5*0.06))*D5 -> -300.3444 | H11: =H10*(D5+D7) -> 24.91722 | I11: =(D5+D7)*(I10*22) -> 637.34 | J11: =I11*J10*-1 -> -127.468 | K11: =SUM(F11:J11) -> 234.44482
B12: Total de Benefícios | K12: =K11 -> 234.44482
B13: Encargos Trabalhistas | F13: INSS | G13: Sistema S | H13: Salário | I13: FGTS | J13: Seguro Acidente de Trabalho (RAT X FAT) | K13: Total
F14: 0.2 | G14: 0.035 | H14: 0.025 | I14: 0.08 | J14: 0.03 | K14: =SUM(F14:J14) -> 0.37
F15: =K8*F14 -> 1725.988 | G15: =K8*G14 -> 302.0479 | H15: =K8*H14 -> 215.7485 | I15: =K8*I14 -> 690.3952 | J15: =J14*$K$8 -> 258.8982 | K15: =SUM(F15:J15) -> 3193.0778
B16: Total de Encargos Trabalhistas | K16: =K15 -> 3193.0778
B17: 13º Salário | I17: 13º Salário | J17: Incidência de Encargos Sobre o 13º Salário | K17: Total
I18: 0.083333333 | J18: =K14 -> 0.37
I19: =I18*($K$8) -> 719.16167 | J19: =I19*J18 -> 266.08982 | K19: =SUM(I19:J19) -> 985.25148
B20: Total de 13º | K20: =K19 -> 985.25148
B21: Provisão de Rescisão | E21: Aviso Prévio Indenizado | F21: Incidência de FGTS sem aviso prévio indenizado | G21: Multa do FGTS e Contribuições sociais s/aviso prévio indenizado | H21: Aviso Prévio Trabalhado | I21: Incidência de FGTS sem aviso prévio trabalhado | J21: Multa de FGTS e contribuições do aviso prévio trabalhado | K21: Total
E22: 0.0042 | F22: 0.0003 | G22: 0.0215 | H22: 0.0194 | I22: 0.0071 | J22: 0.0215 | K22: =SUM(E22:J22) -> 0.074
E23: =E22*($K$8) -> 36.245748 | F23: =F22*($K$8) -> 2.588982 | G23: =G22*($K$8) -> 185.54371 | H23: =H22*($K$8) -> 167.42084 | I23: =I22*($K$8) -> 61.272574 | J23: =J22*($K$8) -> 185.54371 | K23: =SUM(E23:J23) -> 638.61556
B24: Total de Provisão de Rescisão de Contrato | K24: =K23 -> 638.61556
B25: Custo com funcionário Ausente | D25: Férias e Terço Constitucional de férias | E25: Ausência por Doença | F25: Licença Paternidade | G25: Ausências Legais | H25: Ausência por Acidente de Trabalho | I25: Sub Total | J25: Incidência de encargos sociais e trabalhistas sobre custo de reposição | K25: Total
D26: 0.1111 | E26: 0.0139 | F26: 0.0002 | G26: 0.0028 | H26: 0.0033 | I26: =SUM(C26:H26) -> 0.1313 | J26: =K14 -> 0.37 | K26: =I26+J26 -> 0.5013
D27: =D26*($K$8) -> 958.78633 | E27: =E26*($K$8) -> 119.95617 | F27: =F26*($K$8) -> 1.725988 | G27: =G26*($K$8) -> 24.163832 | H27: =H26*K8 -> 28.478802 | I27: =SUM(C27:H27) -> 1133.1111 | J27: =I27*J26 -> 419.25112 | K27: =I27+J27 -> 1552.3622
B28: Total de gastos com funcionário ausente | K28: =K27 -> 1552.3622
B30: Resumo de Custo com empregado
B31: Salário Bruto | K31: =K8 -> 8629.94
B32: Benefícios | K32: =K12 -> 234.44482
B33: Encargos Previdenciários, FGTS e outras contribuições | K33: =K16 -> 3193.0778
B34: 13º Salário | K34: =K20 -> 985.25148
B35: Custo Com Rescisão | K35: =K24 -> 638.61556
B36: Custo Com Reposição de funcionário Ausente | K36: =K28 -> 1552.3622
B37: Custo Total de Empregados | K37: =SUM(K31:K36) -> 15233.692
B39: Custo Mensal do serviço | K39: =K8+K11+K15+K19+K23+K27 -> 15233.692

Sheet Manutenções_e_Veículos
A2: Manutenções
A3: Descrição | B3: Quant x ano | C3: Und | D3: Média Valores Unitários | E3: Valor Total Anual | F3: Valor Total por mês | G3: Fonte
A4: Oléo | B4: =8 -> 8 | C4: Und | D4: 51.83 | E4: =D4*B4 -> 414.64 | F4: =E4/12 -> 34.553333 | G4: Banco de Preços
A5: Filtro de Oléo | B5: =2 -> 2 | C5: Und | D5: 37.33 | E5: =D5*B5 -> 74.66 | F5: =E5/12 -> 6.2216667 | G5: Banco de Preços
A6: Limpeza Bico Injetor | B6: =8 -> 8 | C6: Und | D6: 141.67 | E6: =D6*B6 -> 1133.36 | F6: =E6/12 -> 94.446667 | G6: Banco de Preços
A7: Filtro Combustível | B7: =2 -> 2 | C7: Und | D7: 22.38 | E7: =D7*B7 -> 44.76 | F7: =E7/12 -> 3.73 | G7: Banco de Preços
A8: Alinhamento/Balanceamento | B8: =2 -> 2 | C8: Und | D8: 175.3 | E8: =D8*B8 -> 350.6 | F8: =E8/12 -> 29.216667 | G8: Banco de Preços
A9: Filtro de Ar | B9: =2 -> 2 | C9: Und | D9: 46 | E9: =D9*B9 -> 92 | F9: =E9/12 -> 7.6666667 | G9: Banco de Preços
A10: Lavagem | B10: =2*12 -> 24 | C10: Und | D10: 101.04 | E10: =D10*B10 -> 2424.96 | F10: =E10/12 -> 202.08 | G10: Banco de Preços
A11: Aferição de Tacógrafo | B11: =1 -> 1 | C11: Und | D11: 111.51 | E11: =D11*B11 -> 111.51 | F11: =E11/12 -> 9.2925 | G11: Banco de Preços
A12: Total por mês | F12: =SUM(F4:F11) -> 387.2075
A15: Troca Pneus
A16: Descrição | B16: Quant. | C16: Und | D16: Média Valores Unitários | E16: Valor Total | F16: Valor Total por mês | G16: Fonte
A17: Pneu Ambulância Tipo D | B17: 4 | C17: Und | D17: 363 | E17: =D17*B17 -> 1452 | F17: =E17/12 -> 121 | G17: Banco de Preços
A20: Veículos
A21: Descrição | B21: Quant | C21: Und | D21: Média Valores Unitários | E21: Fonte
A22: Ambulância Tipo D | B22: =1 -> 1 | C22: Und | D22: 312899.45 | E22: Banco de Preços
A25: Depreciação
A26: Identificação | B26: Valor do bem | C26: Valor residual do bem 10% | D26: vida util do bem | E26: Depreciação anual | F26: Depreciação Mensal
A27: Ambulância Tipo D | B27: =D22 -> 312899.45 | C27: =B27/10 -> 31289.945 | D27: 10 Anos | E27: =(B27-C27) -> 281609.51 | F27: =E27/12 -> 23467.459
A30: IPVA
A31: Descrição | B31: Quant | C31: Média Valores Unitários | D31: Aliquota | E31: Valor IPVA Anual | F31: Valor IPVA Mensal
A32: Ambulância Tipo D | B32: =1 -> 1 | C32: =D22 -> 312899.45 | D32: =0.01 -> 0.01 | E32: =C32*0.01 -> 3128.9945 | F32: =E32/12 -> 260.74954
A35: Licenciamento
A36: Descrição | B36: Quant | C36: Valor Anual | D36: Valor Mensal
A37: Ambulância Tipo D | B37: =1 -> 1 | C37: 35.62 | D37: =C37/12 -> 2.9683333

Sheet Uniformes
A2: Uniformes Médicos e Enfermeiros
A3: Descrição | B3: Quant x ano | C3: Und | D3: Média Valores Unitários | E3: Valor Total Anual | F3: Valor Total por mês | G3: Fonte
A4: Conjunto uniforme unisex tipo scrub | B4: =2*7*2 -> 28 | C4: Und | D4: 80.73 | E4: =D4*B4 -> 2260.44 | F4: =E4/12 -> 188.37 | G4: Banco de Preços
A5: Total por mês | F5: =SUM(F4:F4) -> 188.37
A7: Uniformes Motorista
A8: Descrição | B8: Quant x ano | C8: Und | D8: Média Valores Unitários | E8: Valor Total Anual | F8: Valor Total por mês | G8: Fonte
A9: Uniforme para motorista de ambulância | B9: 4 | C9: Und | D9: 26.32 | E9: =D9*B9 -> 105.28 | F9: =E9/12 -> 8.7733333 | G9: Banco de Preços
A10: Total por mês | F10: =SUM(F9:F9) -> 8.7733333
